 Dungeon Crawl Stone Soup version 0.18.1-47-g9310371 (webtiles) character file.

5487 Shtopit the Grappler (level 10, -8/79 HPs)
             Began as a Demonspawn Fighter on June 16, 2016.
             Was an Elder of Makhleb.
             Mangled by a seven-headed hydra (12 damage)
             ... on level 9 of the Dungeon.
             The game lasted 00:36:57 (9166 turns).

Shtopit the Grappler (Demonspawn Fighter)           Turns: 9166, Time: 00:36:57

Health: -8/79      AC: 14    Str: 21    XL:     10   Next: 42%
Magic:  10/10      EV: 13    Int:  9    God:    Makhleb [****..]
Gold:   651        SH: 11    Dex: 17    Spells: 0 memorised, 9 levels left

rFire  + . .     SeeInvis +       - Unarmed
rCold  + . .     Gourm    .     l - +1 chain mail {rF+}
rNeg   . . .     Faith    .     c - +0 shield
rPois  +         Spirit   .     C - +2 hat
rElec  .         Dismiss  .     (no cloak)
rCorr  .         Reflect  .     (gloves unavailable)
SustAt .         Harm     .     (no boots)
MR     .....                    L - amulet of regeneration
Stlth  ..........               m - ring of poison resistance
                                t - ring of see invisible

@: agile, flying, not resistant to hostile enchantments, extremely unstealthy
A: claws 3, rugged brown scales 1, cold resistance 1, spiny 1
a: Minor Destruction, Lesser Servant of Makhleb, Major Destruction, Renounce
Religion


You were on level 9 of the Dungeon.
You worshipped Makhleb.
Makhleb was greatly pleased with you.
You were not hungry.

You visited 3 branches of the dungeon, and saw 11 of its levels.
You also visited: Ossuary.

You collected 651 gold pieces.

Inventory:

Hand Weapons
 I - a +1 blowgun
Missiles
 p - 95 bolts
 y - 5 tomahawks (quivered)
 H - 4 needles of frenzy
 J - 15 poisoned needles
Armour
 c - a +0 shield (worn)
 l - a +1 chain mail of fire resistance (worn)
 C - a +2 hat (worn)
Jewellery
 e - an uncursed ring of protection from cold
 h - an uncursed ring of resist corrosion
 i - an uncursed ring of fire
 m - a ring of poison resistance (right claw)
 t - a ring of see invisible (left claw)
 A - an uncursed ring of magical power
 B - an uncursed ring of wizardry
 L - an amulet of regeneration (around neck)
 W - a +3 ring of protection {unknown}
Wands
 b - a wand of digging (0/24)
 n - a wand of slowing (15/48)
 E - a wand of polymorph (24/24)
 Q - a wand of flame (28/48)
 V - a wand of iceblast (12/15)
Scrolls
 j - 3 scrolls of teleportation
 r - 2 scrolls of recharging
 u - a scroll of fear
 D - a scroll of immolation
 F - 7 scrolls of amnesia
 O - 4 scrolls of remove curse
 P - 2 scrolls of magic mapping
 U - a scroll of enchant weapon
 Y - 2 scrolls of enchant armour
Potions
 d - a potion of might
 q - 2 potions of flight
 s - 2 potions of cure mutation {unknown}
 v - 4 potions of agility
 w - a potion of haste
 x - a potion of invisibility {unknown}
 z - a potion of ambrosia {unknown}
 G - 2 potions of magic {unknown}
 K - a potion of cancellation {unknown}
 N - 5 potions of curing
 R - a potion of heal wounds {unknown}
 T - 2 potions of lignification {unknown}
 Z - a potion of mutation
Books
 X - a book of Necromancy

   Spells                             Type                      Level
   a - Pain                           Necromancy                   1
   b - Animate Skeleton               Necromancy                   1
   c - Vampiric Draining              Necromancy                   3
   d - Regeneration                   Charms/Necromancy            3
   e - Animate Dead                   Necromancy                   4
   f - Control Undead                 Necromancy                   4
Miscellaneous
 k - a plain deck of changes
Comestibles
 f - 10 bread rations
 g - 4 fruits
 o - a royal jelly
 M - 2 meat rations


   Skills:
 + Level 6.4 Fighting
   Level 2.0 Long Blades
 + Level 6.2 Armour
 + Level 3.5 Dodging
 + Level 1.3 Stealth
 + Level 7.3 Shields
 * Level 9.0 Unarmed Combat


You had 9 spell levels left.
You didn't know any spells.

Dungeon Overview and Level Annotations

Branches:
Dungeon (9/15)             Temple (1/1) D:4            Lair (1/8) D:9
    Orc: D:9-12

Altars:
Ashenzari
Cheibriados
Dithmenos
Elyvilon
Fedhas
Gozag
Kikubaaqudgha
Makhleb
Nemelex Xobeh
Okawaru
Pakellas
Qazlal
Sif Muna
Trog
Vehumet
Xom
Yredelemnul
Zin
The Shining One


Innate Abilities, Weirdness & Mutations

You have claws for hands.
You are partially covered in rugged brown scales (AC +1, +3% HP).
Your flesh is cold resistant.
You are partially covered in sharp spines.


Message History

You block the seven-headed hydra's attack.
You climb upwards.
Welcome back to the Dungeon!
There is a staircase to the Lair here.
Drink which item? (? for menu, Esc to quit)
It was a potion of agility.
You feel agile all of a sudden.
You block the seven-headed hydra's attack.
The seven-headed hydra closely misses you.
The seven-headed hydra bites you but does no damage.
You block the seven-headed hydra's attack. x2
The seven-headed hydra bites you.
* * * LOW HITPOINT WARNING * * *
The seven-headed hydra completely misses you.
Drink which item? (? for menu, Esc to quit)
It was a potion of flight.
You feel very buoyant.
You fly up into the air.
The seven-headed hydra is struck by your spines.
The seven-headed hydra bites you!
You die...

#####.##...!#....##.####.########
....#.#.....#....#..#.....#.....#
###..........<...................
#..............................
###.#.#<..........#..............
....#.............#[(............
≈........>........#..............
≈...####........D##......).......
≈≈..# #........@###...(.))).....
≈≈..# #.........# ##.....#.....#
≈≈..# #.........# #############
≈≈..# #.........# ≈..##
#.........# ..## ########### ###


You could see a seven-headed hydra.

Vanquished Creatures
  Joseph (D:7)
  A troll (D:9)
  A two-headed ogre (D:9)
  The ghost of PeterLawrence the Covered, an amateur MiFi (D:4)
  A hippogriff (D:5)
  Menkaure (D:5)
  A water moccasin (D:5)
  Duvessa (D:5)
  2 black bears
  3 orc warriors
  3 necrophages (D:8)
  6 ogres
  3 centaurs
  3 big kobolds
  4 giant frogs
  Dowan (D:5)
  3 scorpions (D:5)
  A killer bee (D:8)
  3 wights (D:9)
  A howler monkey (D:5)
  A vampire bat (D:3)
  5 crimson imps
  A centaur zombie (D:9)
  A quasit (D:8)
  A giant frog zombie (D:9)
  4 hounds
  2 jellies (D:8)
  4 orc priests
  6 orc wizards
  A giant frog skeleton (D:7)
  4 iguanas
  6 worker ants
  A killer bee zombie (D:5)
  8 sheep (Lair:1)
  8 big kobold zombies (Ossuary)
  2 hound zombies
  A hound skeleton (D:9)
  A mummy (Ossuary)
  5 gnolls (D:3)
  5 adders
  3 shadow imps
  2 oozes (D:1)
  An adder skeleton (D:7)
  3 worms
  2 dart slugs
  10 giant geckos
  33 orcs
  A spectral bat (Ossuary)
  5 bats
  3 bat skeletons (D:3)
  2 bat zombies (D:3)
  3 giant cockroaches
  31 goblins
  34 hobgoblins
  9 jackals
  23 kobolds
  5 quokkas
  5 bat simulacra (Ossuary)
  7 giant newts
  4 gnoll zombies (Ossuary)
  3 goblin simulacra (Ossuary)
  8 goblin zombies (Ossuary)
  A hobgoblin zombie (Ossuary)
  A jackal zombie (D:8)
  3 kobold simulacra (Ossuary)
  3 kobold zombies (Ossuary)
  6 orc zombies (Ossuary)
  2 quokka skeletons
  14 rats
  2 rat simulacra (Ossuary)
  4 spectral goblins (Ossuary)
  4 spectral kobolds (Ossuary)
  4 spectral rats (Ossuary)
  A fungus (D:1)
350 creatures vanquished.

Notes
Turn   | Place    | Note
--------------------------------------------------------------
     0 | D:1      | Shtopit the Demonspawn Fighter began the quest for the Orb.
     0 | D:1      | Reached XP level 1. HP: 18/18 MP: 1/1
   233 | D:1      | Gained mutation: You are partially covered in sharp spines. [demonic ancestry]
   233 | D:1      | Reached XP level 2. HP: 21/24 MP: 2/2
   620 | D:1      | Gained mutation: You have sharp fingernails. [demonic ancestry]
   620 | D:1      | Reached XP level 3. HP: 29/29 MP: 3/3
  1543 | D:3      | Gained mutation: You have very sharp fingernails. [demonic ancestry]
  1543 | D:3      | Reached XP level 4. HP: 35/35 MP: 4/4
  1552 | D:3      | Reached skill level 1 in Unarmed Combat
  2021 | D:3      | Found an ancient bone altar of Kikubaaqudgha.
  2027 | D:3      | Gained mutation: You are partially covered in rugged brown scales (AC +1, +3% HP). [demonic ancestry]
  2027 | D:3      | Reached XP level 5. HP: 36/42 MP: 5/5
  2242 | D:3      | Reached skill level 1 in Dodging
  2333 | D:3      | Reached skill level 2 in Unarmed Combat
  2495 | D:3      | Reached XP level 6. HP: 31/49 MP: 6/6
  3212 | D:4      | Found a glowing silver altar of Zin.
  3257 | D:4      | Found a sand-covered staircase.
  3262 | Ossuary  | Entered an ossuary
  3414 | Ossuary  | Gained mutation: You have claws for hands. [demonic ancestry]
  3414 | Ossuary  | Reached XP level 7. HP: 55/55 MP: 7/7
  3455 | Ossuary  | Reached skill level 3 in Unarmed Combat
  3772 | D:4      | Reached skill level 4 in Unarmed Combat
  4164 | D:4      | Found a radiant altar of Vehumet.
  4284 | D:4      | Found a staircase to the Ecumenical Temple.
  4296 | Temple   | Entered the Ecumenical Temple
  4366 | Temple   | Became a worshipper of Makhleb the Destroyer
  4381 | D:4      | Noticed PeterLawrence's ghost (amateur MiFi)
  4394 | D:4      | Killed PeterLawrence's ghost
  4394 | D:4      | Reached skill level 5 in Shields
  4394 | D:4      | Reached XP level 8. HP: 49/62 MP: 8/8
  4504 | D:5      | Entered Level 5 of the Dungeon
  4583 | D:5      | Reached skill level 5 in Unarmed Combat
  4947 | D:5      | Reached skill level 5 in Fighting
  4983 | D:5      | Found a shattered altar of Ashenzari.
  5121 | D:5      | Noticed Menkaure
  5125 | D:5      | Noticed Duvessa
  5127 | D:5      | Noticed Dowan
  5127 | D:5      | Killed Menkaure
  5127 | D:5      | Reached skill level 6 in Unarmed Combat
  5332 | D:5      | Killed Duvessa
  5332 | D:5      | Reached skill level 5 in Armour
  5344 | D:5      | Killed Dowan
  5379 | D:5      | Gained mutation: Your flesh is cold resistant. [demonic ancestry]
  5379 | D:5      | Reached XP level 9. HP: 66/70 MP: 9/9
  5462 | D:5      | Found an oddly glowing altar of Pakellas.
  5637 | D:6      | Reached * piety under Makhleb
  5666 | D:6      | Found a shadowy altar of Dithmenos.
  5732 | D:6      | Found a sparkling altar of Nemelex Xobeh.
  5774 | D:6      | Reached skill level 1 in Stealth
  6051 | D:6      | Reached skill level 7 in Unarmed Combat
  6059 | D:6      | Reached ** piety under Makhleb
  6719 | D:7      | Found an opulent altar of Gozag.
  6993 | D:7      | Noticed Joseph
  7013 | D:7      | Killed Joseph
  7013 | D:7      | Reached skill level 8 in Unarmed Combat
  7163 | D:7      | Reached *** piety under Makhleb
  7403 | D:8      | Reached XP level 10. HP: 76/78 MP: 10/10
  7588 | D:8      | Found a basalt altar of Yredelemnul.
  7764 | D:8      | Found a shimmering altar of Xom.
  7961 | D:8      | Found a white marble altar of Elyvilon.
  8282 | D:9      | Found a staircase to the Lair.
  8308 | D:9      | Reached **** piety under Makhleb
  8448 | D:9      | Found a shimmering altar of Xom.
  8448 | D:9      | Found a shimmering altar of Xom.
  8449 | D:9      | Found a shimmering altar of Xom.
  8466 | D:9      | Found a shimmering altar of Xom.
  8470 | D:9      | Found a shimmering altar of Xom.
  8478 | D:9      | Reached skill level 9 in Unarmed Combat
  8708 | D:9      | Noticed a harpy
  8709 | D:9      | Noticed a fire crab
  8709 | D:9      | a harpy changed into a fire crab
  8712 | D:9      | Noticed a black mamba
  8712 | D:9      | a fire crab changed into a black mamba
  8764 | D:9      | Found a snail-covered altar of Cheibriados.
  8820 | D:9      | Found an iron altar of Okawaru.
  8820 | D:9      | Found a stormy altar of Qazlal.
  8893 | Lair:1   | Entered Level 1 of the Lair of Beasts
  9132 | Lair:1   | Noticed a five-headed hydra
  9163 | Lair:1   | HP: 3/79 [seven-headed hydra (11)]
  9166 | D:9      | Mangled by a seven-headed hydra

Skill      XL: |  1  2  3  4  5  6  7  8  9 10 |
---------------+-------------------------------+-----
Armour         | 3 4 5 6 |  6.2
Shields        | 3 4 5 6 7 |  7.3
Long Blades    | 2 |  2.0
Unarmed Combat | 1 2 4 6 8 9 |  9.0
Dodging        | 1 2 3 |  3.5
Fighting       | 4 5 6 |  6.4
Stealth        | 1 |  1.3

Action                   |  1- 3 |  4- 6 |  7- 9 | 10-12 || total
-------------------------+-------+-------+-------+-------++-------
Melee: Long sword        |    48 |       |       |       ||    48
       Unarmed           |    68 |   301 |   385 |   127 ||   881
Evoke: Wand              |       |       |       |     1 ||     1
  Use: Scroll            |       |     7 |     3 |     9 ||    19
       Potion            |       |       |       |     2 ||     2
  Eat: Chunk             |     2 |     6 |    12 |     6 ||    26
       Beef jerky        |       |       |     1 |       ||     1
Armor: Scale mail        |    16 |       |       |       ||    16
       Chain mail        |    24 |   146 |   153 |    86 ||   409
Dodge: Dodged            |    12 |    63 |    72 |    47 ||   194
Block: Shield            |    51 |   176 |   169 |   129 ||   525
